 Dungeon Sprint DCSS version 0.16-a0-3606-g1520cdc (webtiles) character file.

59957 BluebellGnoll the Talismancer (level 14, -9/133 HPs)
             Began as a Deep Dwarf Gladiator on Jan 13, 2015.
             Was the Champion of Makhleb.
             Killed from afar by a hellion (15 damage)
             ... with a burst of hellfire
             ... in the Dungeon (Sprint V: "Ziggurat Sprint").
             The game lasted 01:05:24 (1398 turns).

BluebellGnoll the Talismancer (DDGl)                Turns: 1398, Time: 01:05:24

Health: -9/133     AC: 42    Str: 19    XL:     14   Next: 55%
Magic:  26/26      EV:  6    Int: 10    God:    Makhleb [******]
Gold:   0          SH: 34    Dex: 20    Spells: 0 memorised, 13 levels left

rFire  + + .     SeeInvis +     r - +5 rod of ignition (14/14)
rCold  + . .     Clarity  +     s - +15 Maxwell's patent armour {-Cast -Tele rElec MR+ rCorr}
rNeg   + + .     SustAb   .     t - +18 shield of the gong {rElec rN+ MR+ EV-5}
rPois  +         Gourm    .     U - +0 mask of the Dragon {MR+ Slay+3 SInv}
rElec  +         Spirit   .     v - +2 cloak {rPois}
rCorr  +         Warding  .     P - +2 pair of gloves {Dex+3}
rMut   .         NoTele   +     (no boots)
MR     +++++     NoCast   +     M - amulet of clarity
Stlth  ..........               F - ring of protection from cold
                                y - ring of Psiuron {+Inv rF++ MR+}

@: non-regenerating, almost entirely resistant to hostile enchantments,
extremely unstealthy
A: damage resistance, recharge devices, low mp 1, negative energy resistance 1,
sense surroundings 2, slow healing 3
a: Device Recharging, Minor Destruction, Lesser Servant of Makhleb, Major
Destruction, Greater Servant of Makhleb, Renounce Religion, Evoke Invisibility


You were in the Dungeon.
You worshipped Makhleb.
Makhleb was exalted by your worship.
You were very full.

You visited 1 branch

Inventory:

Hand weapons
 J - a +5 broad axe of freezing
 Y - the +9 war axe of Weumu {flame, +Twstr +Rage MP-9}
   (You found it in the Dungeon)

   It emits flame when wielded, causing extra injury to most foes and up to half
   again as much damage against particularly susceptible opponents.
   Big, fiery blades are also staple armaments of hydra-hunters.
   It affects your magic capacity (-9).
   It lets you go berserk.
   It can be evoked to create a twister.
Armour
 s - the +15 Maxwell's patent armour (worn) {-Cast -Tele rElec MR+ rCorr}
   (You found it in the Dungeon)

   It insulates you from electricity.
   It affects your resistance to hostile enchantments.
   It prevents spellcasting.
   It prevents most forms of teleportation.
   It protects you from acid and corrosion.
 t - the +18 shield of the gong (worn) {rElec rN+ MR+ EV-5}
   (You found it in the Dungeon)

   It affects your evasion (-5).
   It insulates you from electricity.
   It protects you from negative energy.
   It affects your resistance to hostile enchantments.
 v - a +2 cloak of poison resistance (worn)
 P - a +2 pair of gloves of dexterity (worn)
 U - the +0 mask of the Dragon (worn) {MR+ Slay+3 SInv}
   (You found it in the Dungeon)

   It affects your accuracy and damage with ranged weapons and melee attacks
   (+3).
   It affects your resistance to hostile enchantments.
   It enhances your eyesight.
Rods
 r - a +5 rod of ignition (14/14) (weapon)
   (You found it in the Dungeon)
Jewellery
 b - an uncursed amulet of the gourmand
 c - the ring of Onutut {rC+ Int+4}
   (You took it off a vampire knight in the Dungeon)

   [ring of protection from cold]

   It affects your intelligence (+4).
   It protects you from cold.
 y - the ring of Psiuron (left hand) {+Inv rF++ MR+}
   (You found it in the Dungeon)

   [ring of invisibility]

   It greatly protects you from fire.
   It affects your resistance to hostile enchantments.
   It lets you turn invisible.
 F - a ring of protection from cold (right hand)
 M - an amulet of clarity (around neck)
 O - an uncursed ring of positive energy
 S - an uncursed ring of positive energy
 V - an uncursed ring of protection from magic
Magical devices
 e - a wand of heal wounds (6)
 m - a wand of disintegration (4)
 n - a wand of fire (9)
 o - a wand of cold (5)
 p - a wand of draining (4)
Scrolls
 l - 4 scrolls of blinking
 z - 3 scrolls of recharging
 A - 8 scrolls of fog
 B - a scroll of holy word
 C - 5 scrolls of identify
 D - 4 scrolls of remove curse
 E - 2 scrolls of fear
Potions
 g - 9 potions of curing
 h - 10 potions of heal wounds
 i - 6 potions of haste
 j - 7 potions of magic
 k - 2 potions of berserk rage
 G - 2 potions of invisibility
 H - 2 potions of restore abilities
 I - 4 potions of resistance
 K - 4 potions of agility
 L - 4 potions of might
Books
 q - a tome of Destruction
Miscellaneous
 a - 2 phials of floods
 d - a legendary deck of defence {drawn: 1}
 u - an ornate deck of wonders {drawn: 2}
 N - a phantom mirror
 Q - 2 stones of tremors
 R - a box of beasts {used: 2}
 T - a lamp of fire (-2 inert)
 W - an ornate deck of summoning {drawn: 1}
 X - a fan of gales (inert)
 Z - a sack of spiders
Comestibles
 f - 5 bread rations
 w - 42 fruits
 x - 4 meat rations


   Skills:
 - Level 10.7 Fighting
 + Level 15.6 Axes
 - Level 1.7 Throwing
 + Level 21.6 Armour
 - Level 5.7 Dodging
 - Level 20.0 Shields
 - Level 13.5 Invocations
 O Level 27 Evocations


You had 13 spell levels left.
You didn't know any spells.

Dungeon Overview and Level Annotations

Branches:
Dungeon (1/1)

Altars:
Ashenzari
Cheibriados
Dithmenos
Elyvilon
Fedhas
Gozag
Kikubaaqudgha
Makhleb
Nemelex Xobeh
Okawaru
Qazlal
Ru
Sif Muna
Trog
Vehumet
Xom
Yredelemnul
Zin
The Shining One
Beogh
Jiyva
Lugonu


Innate Abilities, Weirdness & Mutations

You are resistant to damage.
You can recharge devices by infusing magical energy.
You resist negative energy.
You passively map the area around you.
You do not heal naturally.
Your magical capacity is low (-10% MP).


Message History

* * * LOW HITPOINT WARNING * * *
The wraith misses something.
You block the reaper's attack.
BONNNG!
Your air elemental forms itself from the air!
Your air elemental merges itself into the air.
The adder zombie bites your soul eater but does no damage.
The quokka zombie barely misses something.
Your chimera (golden dragon, anaconda, adder) throws fire at the bat skeleton.
The bolt of fire hits the bat skeleton.
The bat skeleton is destroyed!
Makhleb accepts your kill.
The bolt of fire hits the hellion.
The hellion completely resists.
The hell hound bites your air elemental.
Your air elemental hits the reaper but does no damage.
The tormentor calls on the powers of darkness!
Your chimera (golden dragon, anaconda, adder) convulses!
Your body is wracked with pain!
The hellion gestures at you.
The hellfire explodes!
The burst of hellfire engulfs you!
You die... ▓.., , , ▓...Z\ , , ,, ▓...ZW. , ▓....ZW2, ,,, ▓ZZ..2.2. ,, , ▓h2h.Z.ZZ

,,, ▓2E.3.Z.., , ,
▓.Z.H......,,,
▓@............,,
▓..............,,
▓...............
▓................
▓...▓.........▓..,
▓................
▓.................
▓.................
▓▓▓▓▓▓▓▓▓▓▓▓▓▓▓▓▓▓


You could see a reaper, a flayed ghost, 3 hellions, a tormentor, a wraith, 2
hell hounds, 2 adder zombies, a quokka zombie, a giant gecko skeleton, a bat
skeleton, 5 adder skeletons, a friendly soul eater, a friendly chimera (golden
dragon, anaconda, adder) and a friendly air elemental.

Vanquished Creatures
  A pandemonium lord (D)
  A thorn hunter (D)
  2 frost giants (D)
  A ghoul (D)
  A reaper (D)
  A draconian annihilator (D)
  3 vampire knights (D)
  A very ugly thing (D)
  2 black draconians (D)
  3 white draconians (D)
  2 red draconians (D)
  A dire elephant (D)
  A yellow draconian (D)
  2 blizzard demons (D)
  A death cob (D)
  2 spriggan air magi (D)
  A spriggan berserker (D)
  3 vampire magi (D)
  A thrashing horror (D)
  3 skeletal warriors (D)
  7 water elementals (D)
  A shambling mangrove (D)
  A spriggan druid (D)
  2 large abominations (D)
  An ice devil (D)
  A deep elf conjurer (D)
  2 hornets (D)
  7 air elementals (D)
  A draconian zombie (D)
  5 necromancers (D)
  2 fire elementals (D)
  A wolf spider (D)
  2 draconians (D)
  A worldbinder (D)
  A sixfirhy (D)
  An eye of devastation (D)
  A smoke demon (D)
  2 spiny frogs (D)
  A komodo dragon (D)
  2 hellions (D)
  A white draconian zombie (D)
  A demonic crawler (D)
  A fire drake (D)
  2 red devils (D)
  An ancient zyme (D)
  A freezing wraith (D)
  A hellwing (D)
  2 dryads (D)
  A deep elf priest (D)
  3 polar bears (D)
  A raiju (D)
  A slime creature (D)
  2 jumping spiders (D)
  2 ravens (D)
  A trapdoor spider (D)
  4 starcursed masses (D)
  A ynoxinul (D)
  3 spriggans (D)
  2 deep elf magi (D)
  A wraith (D)
  A redback (D)
  3 shadows (D)
  3 vampires (D)
  2 deep elf fighters (D)
  2 chaos spawn (D)
  2 neqoxecs (D)
  3 water moccasins (D)
  Edmund (D)
  2 hell hounds (D)
  A black bear (D)
  2 eyes of draining (D)
  5 phantoms (D)
  3 necrophages (D)
  3 ice beasts (D)
  2 swamp drakes (D)
  2 wasps (D)
  Duvessa (D)
  A giant frog (D)
  A scorpion (D)
  2 wights (D)
  Dowan (D)
  3 quasits (D)
  Crazy Yiuf (D)
  3 jellies (D)
  An iguana (D)
  Jessica (D)
  An adder (D)
  4 white imps (D)
  A giant eyeball (D)
  5 ufetubi (D)
  3 adder zombies (D)
  2 adder skeletons (D)
  An ooze (D)
  A bat simulacrum (D)
  4 bat skeletons (D)
  3 bat zombies (D)
  A giant gecko simulacrum (D)
  2 jackal skeletons (D)
  A jackal zombie (D)
  2 quokka zombies (D)
  A butterfly (D)
191 creatures vanquished.

Vanquished Creatures (collateral kills)
  A chimera (D)
  A tentacled starspawn (D)
  A draconian zealot (D)
  A ghoul (D)
  A pale draconian (D)
  A mottled draconian (D)
  A purple draconian (D)
  2 vampire knights (D)
  A blizzard demon (D)
  An anaconda (D)
  2 ice dragons (D)
  A satyr (D)
  2 spriggan air magi (D)
  A rakshasa (D)
  A thrashing horror (D)
  2 wretched stars (D)
  A skeletal warrior (D)
  A giant orange brain (D)
  2 oklob plants (D)
  4 water elementals (D)
  A faun (D)
  A draconian (D)
  4 necromancers (D)
  A fire elemental (D)
  A hornet (D)
  2 orange demons (D)
  2 hellions (D)
  2 spiny frogs (D)
  A black draconian zombie (D)
  A tormentor (D)
  2 red devils (D)
  2 freezing wraiths (D)
  2 polar bears (D)
  A boulder beetle (D)
  A slime creature (D)
  A tarantella (D)
  3 shadows (D)
  2 steam dragons (D)
  3 human zombies (D)
  A hippogriff (D)
  2 hell hounds (D)
  An eye of draining (D)
  An ice beast (D)
  A wasp (D)
  A necrophage (D)
  Sigmund (D)
  A crocodile (D)
  Blork the orc (D)
  2 large abominations (D)
  6 wights (D)
  A starcursed mass (D)
  A hound (D)
  2 adders (D)
  A river rat (D)
  5 ufetubi (D)
  2 white imps (D)
  3 adder skeletons (D)
  An adder zombie (D)
  A bat skeleton (D)
  A quokka (D)
  A ball python skeleton (D)
  A giant gecko skeleton (D)
  A giant gecko zombie (D)
  A quokka skeleton (D)
101 creatures vanquished.

Vanquished Creatures (others)
  An ice dragon (D)
  11 water elementals (D)
  12 fire elementals (D)
  8 air elementals (D)
  2 yaktaurs (D)
  A hellwing (D)
  A freezing wraith (D)
  2 ravens (D)
  A hell hound (D)
  An ice beast (D)
  A killer bee (D)
  2 white imps (D)
  An ufetubus (D)
  An adder skeleton (D)
  A bat skeleton (D)
  2 bat zombies (D)
  2 giant gecko simulacra (D)
  A quokka skeleton (D)
51 creatures vanquished.

Grand Total: 343 creatures vanquished

Notes
Turn   | Place    | Note
--------------------------------------------------------------
     0 | D        | BluebellGnoll, the Deep Dwarf Gladiator, began the quest for the Orb.
     0 | D        | Reached XP level 1. HP: 19/19 MP: 1/1
     0 | D        | Found a viscous altar of Jiyva.
     0 | D        | Found a corrupted altar of Lugonu.
     0 | D        | Found a white marble altar of Elyvilon.
     2 | D        | Found a sparkling altar of Nemelex Xobeh.
     2 | D        | Found a burning altar of Makhleb.
     3 | D        | Found a deep blue altar of Sif Muna.
     3 | D        | Found a bloodstained altar of Trog.
     6 | D        | Found an iron altar of Okawaru.
    18 | D        | Found a radiant altar of Vehumet.
    37 | D        | Became a worshipper of Makhleb the Destroyer
    39 | D        | Found a basalt altar of Yredelemnul.
    40 | D        | Found a shimmering altar of Xom.
    48 | D        | Reached skill level 8 in Armour
    48 | D        | Reached XP level 2. HP: 26/26 MP: 2/2
    57 | D        | Entered arena 1.
    57 | D        | Noticed a black bear
    57 | D        | Noticed a spriggan
    59 | D        | Killed a spriggan
    59 | D        | Reached XP level 3. HP: 32/32 MP: 3/7
    59 | D        | Reached XP level 4. HP: 39/39 MP: 3/9
    59 | D        | Reached XP level 5. HP: 45/45 MP: 3/11
    59 | D        | Killed a black bear
    59 | D        | Acquired Makhleb's first power
    59 | D        | Reached skill level 9 in Axes
    68 | D        | Entered arena 2.
    68 | D        | Noticed an eye of draining
    68 | D        | Noticed an eye of draining
    73 | D        | Killed an eye of draining
    73 | D        | Reached XP level 6. HP: 51/57 MP: 0/15
    75 | D        | Killed an eye of draining
    75 | D        | Acquired Makhleb's second power
    75 | D        | Reached skill level 5 in Shields
   184 | D        | Entered arena 3.
   184 | D        | Noticed a death cob
   184 | D        | Noticed a draconian
   184 | D        | Noticed a draconian
   184 | D        | Noticed a draconian
   191 | D        | Killed a draconian
   191 | D        | Reached XP level 7. HP: 65/72 MP: 18/18
   192 | D        | Killed a death cob
   192 | D        | Reached skill level 10 in Shields
   192 | D        | Reached XP level 8. HP: 72/85 MP: 19/19
   194 | D        | Killed a draconian
   194 | D        | Acquired Makhleb's third power
   194 | D        | Reached skill level 10 in Fighting
   194 | D        | Reached skill level 11 in Shields
   194 | D        | Killed a draconian
   194 | D        | Gained mutation: You passively map the area around you. [level up]
   194 | D        | Reached XP level 9. HP: 90/94 MP: 21/21
   212 | D        | Entered arena 4.
   212 | D        | Noticed a phantom
   212 | D        | Noticed a phantom
   216 | D        | Acquired Makhleb's fourth power
   217 | D        | Killed a phantom
   217 | D        | Reached skill level 10 in Evocations
   221 | D        | Killed a phantom
   224 | D        | Got the amulet "Shileim" {Stasis Dex+2}
   227 | D        | Entered arena 5.
   227 | D        | Noticed a swamp drake
   227 | D        | Noticed a fire drake
   227 | D        | Noticed a steam dragon
   227 | D        | Noticed a steam dragon
   227 | D        | Noticed a swamp drake
   229 | D        | Killed a swamp drake
   233 | D        | Killed a fire drake
   233 | D        | Acquired Makhleb's fifth power
   234 | D        | Killed a steam dragon
   237 | D        | Killed a steam dragon
   237 | D        | Reached skill level 12 in Evocations
   238 | D        | Killed a swamp drake
   252 | D        | Entered arena 6.
   252 | D        | Noticed a quasit
   257 | D        | Killed a quasit
   268 | D        | Entered arena 7.
   268 | D        | Noticed a deep elf priest
   268 | D        | Noticed a deep elf fighter
   268 | D        | Noticed a deep elf mage
   268 | D        | Noticed a deep elf mage
   268 | D        | Noticed a deep elf conjurer
   268 | D        | Noticed a deep elf fighter
   270 | D        | Killed a deep elf fighter
   271 | D        | Killed a deep elf conjurer
   271 | D        | Reached skill level 13 in Evocations
   273 | D        | Killed a deep elf mage
   275 | D        | Killed a deep elf priest
   275 | D        | Reached skill level 10 in Invocations
   275 | D        | Reached skill level 14 in Evocations
   275 | D        | Killed a deep elf fighter
   277 | D        | Killed a deep elf mage
   277 | D        | Reached XP level 10. HP: 103/103 MP: 26/26
   291 | D        | Entered arena 8.
   291 | D        | Noticed Sigmund
   291 | D        | Noticed Jessica
   291 | D        | Noticed Blork the orc
   291 | D        | Noticed Crazy Yiuf
   291 | D        | Noticed Dowan
   291 | D        | Noticed Duvessa
   291 | D        | Noticed Edmund
   293 | D        | Killed Jessica
   294 | D        | Killed Crazy Yiuf
   294 | D        | Killed Dowan
   295 | D        | Killed Duvessa
   296 | D        | Killed Edmund
   296 | D        | Killed Blork the orc
   297 | D        | Killed Sigmund
   297 | D        | Reached skill level 15 in Evocations
   330 | D        | Entered arena 9.
   330 | D        | Noticed a slime creature
   330 | D        | Noticed a slime creature
   330 | D        | Noticed an eye of draining
   330 | D        | Noticed a jelly
   330 | D        | Noticed a jelly
   330 | D        | Noticed a jelly
   330 | D        | Noticed an eye of devastation
   331 | D        | Killed a jelly
   331 | D        | Killed a jelly
   332 | D        | Killed a jelly
   338 | D        | Killed a slime creature
   338 | D        | Killed an eye of devastation
   340 | D        | Killed a slime creature
   340 | D        | Killed an eye of draining
   380 | D        | Entered arena 10.
   380 | D        | Noticed a phantom
   380 | D        | Noticed a phantom
   380 | D        | Noticed a necrophage
   380 | D        | Noticed a necrophage
   380 | D        | Noticed a phantom
   380 | D        | Noticed a wight
   383 | D        | Killed a wight
   383 | D        | Killed a phantom
   383 | D        | Reached skill level 16 in Evocations
   383 | D        | Killed a necrophage
   385 | D        | Killed a phantom
   386 | D        | Killed a phantom
   387 | D        | Killed a necrophage
   395 | D        | Got the ring of the Mantidfly {Fire *Tele +Blink}
   405 | D        | Entered arena 11.
   405 | D        | Noticed a tarantella
   405 | D        | Noticed a wasp
   405 | D        | Noticed a hornet
   405 | D        | Noticed a demonic crawler
   405 | D        | Noticed a scorpion
   405 | D        | Noticed a wolf spider
   405 | D        | Noticed a boulder beetle
   406 | D        | Noticed a hornet
   407 | D        | Noticed a trapdoor spider
   409 | D        | Killed a wolf spider
   409 | D        | Reached skill level 17 in Evocations
   410 | D        | Noticed a hornet
   412 | D        | Killed a trapdoor spider
   413 | D        | Killed a demonic crawler
   413 | D        | Killed a tarantella
   413 | D        | Reached skill level 18 in Evocations
   414 | D        | Killed a boulder beetle
   415 | D        | Killed a hornet
   415 | D        | Reached skill level 19 in Evocations
   415 | D        | Killed a hornet
   416 | D        | Killed a hornet
   416 | D        | Killed a wasp
   417 | D        | Killed a scorpion
   442 | D        | Got the ring of Psiuron {+Inv rF++ MR+}
   456 | D        | Got the +9 war axe of Weumu {flame, +Twstr +Rage MP-9}
   457 | D        | Entered arena 12.
   457 | D        | Noticed a necromancer
   457 | D        | Noticed a necromancer
   457 | D        | Noticed a necromancer
   457 | D        | Noticed a vampire knight
   457 | D        | Noticed a skeletal warrior
   457 | D        | Noticed a vampire knight
   458 | D        | Noticed a vampire knight
   458 | D        | Noticed a necromancer
   460 | D        | Noticed a vampire mage
   461 | D        | Killed a vampire knight
   461 | D        | Reached skill level 21 in Evocations
   461 | D        | Reached XP level 11. HP: 110/110 MP: 27/30
   462 | D        | Killed a vampire knight
   463 | D        | Killed a necromancer
   463 | D        | Reached skill level 22 in Evocations
   465 | D        | Killed a necromancer
   465 | D        | Killed a necromancer
   465 | D        | Killed a vampire knight
   465 | D        | Reached skill level 23 in Evocations
   467 | D        | Killed a skeletal warrior
   468 | D        | Reached skill level 24 in Evocations
   470 | D        | Killed a vampire mage
   470 | D        | Killed a necromancer
   497 | D        | Entered arena 13.
   497 | D        | Noticed a white draconian
   497 | D        | Noticed a white draconian
   497 | D        | Noticed a yellow draconian
   498 | D        | Noticed a white draconian zealot
   498 | D        | Noticed a pale draconian
   498 | D        | Noticed a white draconian
   499 | D        | Noticed a green draconian annihilator
   499 | D        | Noticed a purple draconian
   501 | D        | Noticed a black draconian
   501 | D        | Noticed a mottled draconian
   503 | D        | Noticed a red draconian
   509 | D        | Noticed a red draconian
   509 | D        | Killed a white draconian
   509 | D        | Reached skill level 10 in Axes
   511 | D        | Killed a white draconian
   511 | D        | Killed a black draconian
   511 | D        | Reached skill level 10 in Armour
   514 | D        | Killed a yellow draconian
   514 | D        | Reached XP level 12. HP: 79/118 MP: 23/32
   522 | D        | Killed a purple draconian
   522 | D        | Killed a green draconian annihilator
   526 | D        | Killed a white draconian
   528 | D        | Killed a pale draconian
   531 | D        | Killed a mottled draconian
   533 | D        | Killed a white draconian zealot
   534 | D        | Killed a red draconian
   534 | D        | Reached skill level 15 in Axes
   537 | D        | Killed a red draconian
   576 | D        | Got the ring of Honesty {+Rage +Inv Int+4}
   612 | D        | Entered arena 14.
   612 | D        | Noticed a blizzard demon
   612 | D        | Noticed a polar bear
   612 | D        | Noticed a polar bear
   613 | D        | Noticed a freezing wraith
   613 | D        | Noticed a polar bear
   614 | D        | Noticed an ice beast
   614 | D        | Noticed a freezing wraith
   614 | D        | Noticed a polar bear
   615 | D        | Noticed an ice dragon
   615 | D        | Killed a polar bear
   616 | D        | Killed a freezing wraith
   616 | D        | Killed a blizzard demon
   617 | D        | Killed a polar bear
   619 | D        | Killed a polar bear
   622 | D        | Killed a polar bear
   624 | D        | Killed an ice dragon
   625 | D        | Killed an ice beast
   630 | D        | Killed a freezing wraith
   659 | D        | Entered arena 15.
   659 | D        | Noticed a blizzard demon
   659 | D        | Noticed a frost giant
   660 | D        | Noticed a frost giant
   660 | D        | Noticed an ice beast
   661 | D        | Noticed a polar bear
   661 | D        | Noticed a freezing wraith
   661 | D        | Noticed an ice devil
   661 | D        | Noticed an ice dragon
   663 | D        | Killed a blizzard demon
   663 | D        | Killed an ice beast
   666 | D        | Killed an ice dragon
   667 | D        | Noticed an ice beast
   667 | D        | Killed an ice devil
   667 | D        | Killed a freezing wraith
   668 | D        | Killed a frost giant
   669 | D        | Killed a polar bear
   670 | D        | Killed an ice beast
   671 | D        | Killed a frost giant
   671 | D        | Reached skill level 15 in Shields
   671 | D        | Reached XP level 13. HP: 84/124 MP: 13/32
   703 | D        | Entered arena 16.
   704 | D        | Identified a +2 rod of ignition (9/9) (You found it in the Dungeon)
   717 | D        | Noticed an ice dragon
   718 | D        | Noticed a blizzard demon
   718 | D        | Noticed an ice beast
   719 | D        | Noticed a wight
   720 | D        | Gained mutation: Armour fits poorly on your strangely shaped body. [helix card]
   721 | D        | Noticed a wight
   722 | D        | Noticed a vampire
   722 | D        | Killed an ice beast
   722 | D        | Killed a wight
   724 | D        | Killed a vampire
   725 | D        | Noticed a freezing wraith
   726 | D        | Killed a wight
   727 | D        | Killed an ice dragon
   728 | D        | Killed a blizzard demon
   728 | D        | Killed a freezing wraith
   760 | D        | Entered arena 17.
   768 | D        | Noticed a water moccasin
   768 | D        | Noticed a water moccasin
   768 | D        | Noticed a spiny frog
   769 | D        | Noticed a spiny frog
   769 | D        | Noticed a crocodile
   769 | D        | Noticed a spiny frog
   771 | D        | Killed a spiny frog
   771 | D        | Reached skill level 15 in Armour
   771 | D        | Killed a spiny frog
   771 | D        | Killed a spiny frog
   773 | D        | Noticed a giant frog
   773 | D        | Killed a water moccasin
   774 | D        | Noticed a hound
   774 | D        | Noticed a komodo dragon
   774 | D        | Killed a crocodile
   775 | D        | Noticed an iguana
   775 | D        | Killed a hound
   776 | D        | Noticed a hippogriff
   779 | D        | Killed a komodo dragon
   779 | D        | Killed a giant frog
   779 | D        | Killed a water moccasin
   782 | D        | Killed a hippogriff
   785 | D        | Killed an iguana
   789 | D        | Noticed a water moccasin
   795 | D        | Killed a water moccasin
   801 | D        | Noticed a spiny frog
   807 | D        | Killed a spiny frog
   891 | D        | Entered arena 18.
   897 | D        | Noticed a spriggan air mage
   897 | D        | Noticed an anaconda
   897 | D        | Noticed a dryad
   897 | D        | Noticed a dire elephant
   898 | D        | Noticed a spriggan rider
   898 | D        | Noticed a thorn hunter
   899 | D        | Noticed a faun
   900 | D        | Noticed a spriggan air mage
   903 | D        | Noticed a spriggan air mage
   904 | D        | Killed a dire elephant
   904 | D        | Killed a thorn hunter
   905 | D        | Noticed a redback
   905 | D        | Noticed a spriggan berserker
   905 | D        | Killed a dryad
   906 | D        | Noticed a dryad
   907 | D        | Killed an anaconda
   909 | D        | Noticed a shambling mangrove
   909 | D        | Noticed a spriggan air mage
   911 | D        | Noticed a satyr
   912 | D        | Noticed a spriggan rider
   913 | D        | Noticed a spriggan druid
   914 | D        | Killed a spriggan berserker
   917 | D        | Killed a redback
   927 | D        | Killed a spriggan druid
   929 | D        | Killed a spriggan air mage
   929 | D        | Killed a spriggan rider
   929 | D        | Killed a wasp
   934 | D        | Killed a shambling mangrove
   937 | D        | Killed a satyr
   941 | D        | Killed a spriggan air mage
   944 | D        | Killed a wasp
   945 | D        | Killed a spriggan
   949 | D        | Noticed an oklob plant
   954 | D        | Killed a spriggan air mage
   956 | D        | Killed a dryad
   957 | D        | Killed a spriggan air mage
   961 | D        | Killed a faun
   984 | D        | Noticed an oklob plant
   989 | D        | Killed an oklob plant
   993 | D        | Killed an oklob plant
  1041 | D        | Entered arena 19.
  1041 | D        | Noticed a hell hound
  1043 | D        | Killed a hell hound
  1045 | D        | Noticed a hell hound
  1047 | D        | Noticed a hell hound
  1047 | D        | Noticed a wraith
  1048 | D        | Noticed a hellion
  1049 | D        | Noticed a shadow
  1050 | D        | Noticed a red devil
  1050 | D        | Killed a hell hound
  1052 | D        | Noticed a shadow
  1052 | D        | Noticed a wight
  1052 | D        | Noticed a red devil
  1052 | D        | Noticed a reaper
  1052 | D        | Killed a shadow
  1052 | D        | Killed a red devil
  1053 | D        | Noticed a red devil
  1053 | D        | Noticed a necrophage
  1053 | D        | Noticed a wight
  1053 | D        | Noticed a hellion
  1053 | D        | Noticed a wight
  1053 | D        | Noticed a red devil
  1054 | D        | Noticed a shadow
  1054 | D        | Noticed a hellion
  1055 | D        | Killed a hell hound
  1055 | D        | Killed a shadow
  1055 | D        | Killed a wight
  1058 | D        | Killed a shadow
  1058 | D        | Killed a wight
  1060 | D        | Killed a wraith
  1060 | D        | Killed a hellion
  1061 | D        | Lost mutation: Armour fits poorly on your strangely shaped body. [helix card]
  1062 | D        | Killed a red devil
  1063 | D        | Killed a hellion
  1065 | D        | Killed a hellion
  1066 | D        | Killed a wight
  1070 | D        | Killed a necrophage
  1078 | D        | Killed a reaper
  1084 | D        | Killed a red devil
  1099 | D        | Killed a red devil
  1177 | D        | Entered arena 20.
  1177 | D        | Noticed a vampire
  1177 | D        | Noticed a vampire
  1179 | D        | Noticed a vampire knight
  1179 | D        | Killed a vampire
  1181 | D        | Killed a vampire
  1182 | D        | Noticed a necrophage
  1183 | D        | Noticed a skeletal warrior
  1184 | D        | Noticed a vampire mage
  1184 | D        | Noticed a ghoul
  1184 | D        | Noticed a ghoul
  1184 | D        | Noticed a necromancer
  1184 | D        | Noticed a necromancer
  1184 | D        | Killed a vampire knight
  1184 | D        | Reached skill level 5 in Dodging
  1185 | D        | Noticed a necromancer
  1185 | D        | Noticed a shadow
  1185 | D        | Noticed a necromancer
  1186 | D        | Noticed a skeletal warrior
  1186 | D        | Killed a necrophage
  1187 | D        | Noticed a vampire mage
  1187 | D        | Noticed a skeletal warrior
  1188 | D        | Killed a necromancer
  1188 | D        | Killed a necromancer
  1189 | D        | Noticed a necromancer
  1189 | D        | Killed a shadow
  1189 | D        | Killed a necromancer
  1191 | D        | Noticed a wight
  1192 | D        | Noticed a vampire knight
  1193 | D        | Killed a vampire mage
  1193 | D        | Reached skill level 25 in Evocations
  1193 | D        | Gained mutation: You resist negative energy. [level up]
  1193 | D        | Reached XP level 14. HP: 133/133 MP: 28/30
  1193 | D        | Killed a skeletal warrior
  1193 | D        | Killed a necromancer
  1194 | D        | Killed a necromancer
  1195 | D        | Killed a skeletal warrior
  1196 | D        | Killed a ghoul
  1196 | D        | Killed a vampire mage
  1199 | D        | Noticed a shadow
  1199 | D        | Noticed a wight
  1199 | D        | Killed a ghoul
  1200 | D        | Killed a skeletal warrior
  1201 | D        | Killed a vampire knight
  1201 | D        | Reached skill level 26 in Evocations
  1203 | D        | Killed a wight
  1209 | D        | Killed a shadow
  1211 | D        | Killed a wight
  1222 | D        | Got the ring of Onutut {rC+ Int+4}
  1239 | D        | Got the ring of Moodiness {+Blink MR+ HP+9 MP+9 Str+2}
  1252 | D        | Entered arena 21.
  1252 | D        | Noticed a raiju
  1254 | D        | Killed a raiju
  1267 | D        | Noticed a quasit
  1268 | D        | Noticed a large abomination
  1268 | D        | Noticed a large abomination
  1268 | D        | Noticed an ancient zyme
  1268 | D        | Noticed a smoke demon
  1269 | D        | Noticed a quasit
  1269 | D        | Noticed a tentacled starspawn
  1269 | D        | Noticed a starcursed mass
  1269 | D        | Noticed a chaos spawn
  1270 | D        | Killed a quasit
  1271 | D        | Noticed a thrashing horror
  1271 | D        | Identified a +5 rod of ignition (14/14) (You found it in the Dungeon)
  1272 | D        | Noticed a neqoxec
  1272 | D        | Killed a starcursed mass
  1272 | D        | Killed a chaos spawn
  1273 | D        | Noticed a hellion
  1273 | D        | Noticed a wretched star
  1273 | D        | Killed a large abomination
  1273 | D        | Killed a quasit
  1273 | D        | Killed an ancient zyme
  1274 | D        | Noticed a shadow
  1274 | D        | Noticed a wretched star
  1274 | D        | Noticed a black draconian
  1274 | D        | Noticed a thrashing horror
  1274 | D        | Noticed an orange demon
  1274 | D        | Killed a tentacled starspawn
  1274 | D        | Killed a thrashing horror
  1275 | D        | Noticed a worldbinder
  1275 | D        | Noticed a sixfirhy
  1275 | D        | Killed a starcursed mass
  1276 | D        | Noticed a giant orange brain
  1279 | D        | Noticed Kalabber the pandemonium lord
  1279 | D        | Noticed a chaos spawn
  1279 | D        | Noticed a large abomination
  1279 | D        | Killed a large abomination
  1281 | D        | Killed a starcursed mass
  1281 | D        | Killed a hellion
  1282 | D        | Gained mutation: Your magical capacity is low (-10% MP). [a neqoxec]
  1285 | D        | Killed a shadow
  1286 | D        | Killed a smoke demon
  1286 | D        | Killed a worldbinder
  1286 | D        | Killed a sixfirhy
  1286 | D        | Killed a giant orange brain
  1287 | D        | Noticed a ynoxinul
  1288 | D        | Killed a thrashing horror
  1288 | D        | Reached skill level 27 in Evocations
  1288 | D        | Killed a wretched star
  1289 | D        | Killed a neqoxec
  1293 | D        | Killed a large abomination
  1295 | D        | Noticed a large abomination
  1295 | D        | Killed a starcursed mass
  1296 | D        | Killed a black draconian
  1297 | D        | Killed a chaos spawn
  1297 | D        | Killed a starcursed mass
  1298 | D        | Killed a wretched star
  1298 | D        | Killed a large abomination
  1301 | D        | Noticed an Executioner
  1304 | D        | Killed Kalabber the pandemonium lord
  1308 | D        | Killed an orange demon
  1311 | D        | Killed a ynoxinul
  1372 | D        | Identified Geases' Incunabulum of Companions (You found it in the Dungeon)
  1372 | D        | Entered arena 22.
  1389 | D        | Noticed a reaper
  1394 | D        | Noticed a wraith
  1394 | D        | Noticed a hell hound
  1395 | D        | Noticed a hell hound
  1395 | D        | Noticed a tormentor
  1395 | D        | Noticed a hellion
  1396 | D        | Noticed a hell hound
  1396 | D        | Killed a hell hound
  1397 | D        | Noticed a hellion
  1398 | D        | Noticed a hellion
  1398 | D        | HP: 6/133 [hellion/burst of hellfire (25)]
  1398 | D        | Killed from afar by a hellion

Action                   |  1- 3 |  4- 6 |  7- 9 | 10-12 | 13-15 || total
-------------------------+-------+-------+-------+-------+-------++-------
Melee: Broad axe         |     1 |     8 |    23 |    22 |    35 ||    89
       War axe           |       |       |       |    27 |    54 ||    81
Invok: Major Destruction |       |       |     1 |     5 |     6 ||    12
 Abil: Device Recharging |       |       |       |     2 |     5 ||     7
       Evoke Twister     |       |       |       |     1 |       ||     1
Evoke: Wand              |     1 |     3 |       |    13 |    33 ||    50
       Deck              |       |     1 |       |       |    11 ||    12
       Lamp of fire      |       |       |     1 |    11 |    11 ||    23
       Box of beasts     |       |       |     1 |     1 |     5 ||     7
       tome              |       |       |       |     2 |     1 ||     3
       Fan of gales      |       |       |       |     2 |     4 ||     6
       Phial of floods   |       |       |       |     1 |     8 ||     9
       Rod               |       |       |       |       |     3 ||     3
  Use: Potion            |     1 |       |     2 |     4 |     5 ||    12
       Scroll            |       |       |       |     2 |     3 ||     5
 Stab: Distracted        |       |       |     1 |     1 |       ||     2
  Eat: Chunk             |       |       |       |     1 |    23 ||    24
